 Dungeon Crawl Stone Soup version 0.30.0-29-ga12c61a403 (webtiles) character file.

Game seed: 1606465573636236047

25356 olmar the Eclecticist (level 13, -4/81 HPs)
             Began as a Djinni Hedge Wizard on June 9, 2023.
             Was an Initiate of Gozag.
             Slain by a lindwurm simulacrum (24 damage)
             ... in an ice cave.
             The game lasted 00:35:46 (22627 turns).

olmar the Eclecticist (Djinni Hedge Wizard)        Turns: 22627, Time: 00:35:46

Health: -4/81      AC: 16    Str:  9    XL:     13   Next: 49%
Gold:   2333       EV:  6    Int: 24    God:    Gozag SH:  0 Dex: 14

rFire   + + .        J - +9 rapier of Miacs {flame, rElec Will+ rCorr Int+4}
rCold   . . .        (no shield)
rNeg    . . .        G - +4 chain mail {rC+}
rPois   ∞            y - +0 helmet
rElec   +            E - +1 cloak
rCorr   +            F - +0 pair of gloves
SInv    .            (boots unavailable)
Will    ++...        (no amulet) Stlth
                     s - +4 ring of slaying
HPRegen 0.33/turn    (no ring)
MPRegen 0.00/turn

%: infuse magic (-5 HP)
@: frozen, flying, very slow
A: sickness immunity, fire resistance 2, cold vulnerability 1, float, innate
caster, HP casting, extra vitality 1
a: Renounce Religion, Potion Petition, Call Merchant, Bribe Branch


You were in an ice cave.
You worshipped Gozag.
Gozag was most pleased with you.
You visited 3 branches of the dungeon, and saw 15 of its levels.
You also visited: Sewer and Ice Cave.

You collected 2715 gold pieces.
You spent 234 gold pieces at shops.
You paid 148 gold pieces to Gozag.

Inventory:

Hand Weapons
 a - a +0 dagger
 d - a +2 dagger of venom
 D - a +4 quarterstaff of chaos
 I - a +0 rapier
 J - the +9 rapier of Miacs (weapon) {flame, rElec Will+ rCorr Int+4}
   (You found it on level 8 of the Dungeon)

   Int:       It affects your intelligence (+4).
   rElec:     It insulates you from electricity.
   rCorr:     It protects you from acid and corrosion.
   Will:      It increases your willpower.
Missiles
 p - 9 poisoned darts
 v - 2 throwing nets
Armour
 b - a +0 robe
 c - a +0 hat
 j - a +1 tower shield of cold resistance
 n - a +0 cloak
 x - a scarf of invisibility
 y - a +0 helmet (worn)
 E - a +1 cloak (worn)
 F - a +0 pair of gloves (worn)
 G - a +4 chain mail of cold resistance (worn)
 K - a +2 robe of positive energy
 U - a scarf of invisibility
 Y - a +2 robe of resistance
Jewellery
 m - a ring of protection from cold
 s - a +4 ring of slaying (left hand)
 X - a ring of see invisible
Wands
 t - a wand of light (11) (quivered)
 w - a wand of flame (39)
 Q - a wand of paralysis (4)
 S - a wand of iceblast (1)
 W - a wand of polymorph (4)
Scrolls
 f - 2 scrolls of teleportation
 g - 2 scrolls of noise
 h - a scroll of torment
 i - a scroll of silence
 k - 3 scrolls of enchant weapon
 o - 5 scrolls of immolation
 r - 2 scrolls of fog
 B - a scroll of butterflies {unknown}
 C - a scroll of magic mapping
 H - 3 scrolls of blinking
 L - a scroll of fear
 M - 2 scrolls of poison
 N - 5 scrolls of vulnerability
 V - a scroll of brand weapon {unknown}
Potions
 e - 6 potions of lignification
 l - 3 potions of haste
 q - 3 potions of brilliance
 u - 2 potions of might
 z - 3 potions of cancellation
 A - 3 potions of degeneration
 O - a potion of magic {unknown}
 P - a potion of mutation {unknown}
 R - a potion of attraction {unknown}
 T - 3 potions of curing


   Skills:
 + Level 3.2 Fighting
 + Level 1.6 Armour
 + Level 6.2 Dodging
 - Level 1.5 Stealth
 + Level 16.1 Spellcasting


You knew the following spells:

 Your Spells              Type           Power      Damage    Failure   Level
a - Magic Dart            Conj           100%       1d8       1%          1
b - Slow                  Hex            100%       N/A       1%          1
c - Blink                 Tloc           100%       N/A       1%          2
d - Call Imp              Summ           100%       N/A       1%          2
e - Mephitic Cloud        Conj/Pois/Air  77%        N/A       1%          3
f - Freeze                Ice            100%       1d10      1%          1
g - Scorch                Fire           100%       2d9       1%          2
h - Inner Flame           Hex/Fire       77%        N/A       1%          3
i - Confusing Touch       Hex            77%        N/A       1%          3
j - Olgreb's Toxic Radia  Pois           77%        N/A       2%          4
k - Summon Forest         Summ/Tloc      38%        N/A       6%          5
Your spell library was empty.

Dungeon Overview and Level Annotations

Branches:
Dungeon (11/15)            Temple (1/1) D:7            Lair (3/5) D:8
  Swamp (0/4) Lair:3       Spider (0/4) Lair:3        Sewer (visited)
  IceCv (1/1)
    Orc: D:9-12

Altars:
Ashenzari
Cheibriados
Dithmenos
Elyvilon
Fedhas
Gozag
Hepliaklqana
Makhleb
Nemelex Xobeh
Okawaru
Qazlal
Ru
Trog
Uskayaw
Wu Jian
Xom
Yredelemnul
Zin
The Shining One

Shops:
D:8 ?

Annotations:
D:2 Terence


Innate Abilities, Weirdness & Mutations

You are immune to sickness and miasma.
You are immune to poison.
Your flesh is very heat resistant. (rF++)
You are vulnerable to cold. (rC-)
You float through the air rather than walking.
You learn spells naturally, not from books.
Your magical power is your life essence.
You have superior vitality. (+4 MHP)


Message History

Unknown command.
Casting: Inner Flame (safe; 1% risk of failure)
Confirm with . or Enter, or press ? or * to list all spells.
You don't know that spell.
Casting: Inner Flame (safe; 1% risk of failure)
Confirm with . or Enter, or press ? or * to list all spells.
Okay, then.
Unknown command.
Casting: Inner Flame (safe; 1% risk of failure)
Confirm with . or Enter, or press ? or * to list all spells.
You need more open space to fit a forest.
Unknown command.
Casting: Summon Forest (dangerous; 6% risk of failure)
Confirm with . or Enter, or press ? or * to list all spells.
Okay, then.
Casting: Summon Forest (dangerous; 6% risk of failure)
Confirm with . or Enter, or press ? or * to list all spells.
Aiming: Magic Dart (safe; 1% risk of failure)
Press: ? - help, Shift-Dir - straight line, f/p - rime drake
Aim: a rime drake (inner flame, 100% to hit)
The magic dart hits the rime drake but does no damage.
The rime drake bites you.
Unknown command.
Unknown command.
You completely miss the rime drake. The rime drake breathes ice at you.
The icy flash freeze hits you!!
You are encased in ice.
Unknown command.
Unknown command.
You puncture the rime drake!
Flame seeps out of the rime drake.
You burn the rime drake.
Flame seeps out of the rime drake.
The rime drake is heavily wounded.
The rime drake is engulfed in blazing flames.
Flame seeps out of the rime drake.
The rime drake barely misses you. The lindwurm simulacrum bites you.
* * * LOW HITPOINT WARNING * * *
The lindwurm simulacrum freezes you!!
You die...
Your body crumbles into a pile of gold.

#### ##.#.
#..$:$
#.$.( ##[$Z
#
#..ZZ######
#
#Zk#....##
..#
#Z@.#.#.##
..#
######...#
....# ###.#
...## ##..#
..## ##..##
### ##..###
# #..##.#
##....#
###..#


You could see a rime drake (inner flame), a komodo dragon simulacrum, 2 lindwurm
simulacra, a steam dragon simulacrum and an acid dragon simulacrum.

Vanquished Creatures
  A white draconian (IceCv)
  A hydra (Lair:2)
  2 two-headed ogres (D:10)
  6 death yaks (Lair:2)
  The ghost of minhee2137 the Protected, a novice MiBe of Trog (D:8)
  A manticore (D:11)
  12 elephants
  An ice statue (IceCv)
  3 cane toads
  3 rime drakes (IceCv)
  2 komodo dragons (Lair:2)
  2 hornets
  2 trolls
  Prince Ribbit (D:7)
  3 blink frogs (Lair:2)
  Sigmund (D:2)
  19 yaks
  6 wyverns
  A basilisk (D:8)
  3 vampire mosquitoes (D:10)
  2 acid dragons
  5 water moccasins
  2 sky beasts (D:7)
  5 orc warriors
  An ogre (D:5)
  2 ice beasts
  5 black bears
  2 centaurs
  8 bullfrogs
  2 scorpions
  3 necrophages (D:5)
  A wyvern zombie (D:5)
  9 wights
  8 killer bees
  A lindwurm simulacrum (IceCv)
  6 howler monkeys
  A bullfrog zombie (D:5)
  4 komodo dragon simulacra (IceCv)
  A lava snake (D:10)
  Crazy Yiuf (D:5)
  2 hounds (D:4)
  A centaur zombie (D:5)
  2 gnoll boudas (D:4)
  A human zombie (D:5)
  2 jellies
  5 orc priests
  2 iguanas
  A scorpion zombie (D:5)
  A sleepcap (D:8)
  7 orc wizards
  2 hound zombies (D:5)
  A mummy (D:5)
  7 gnolls
  4 acid dragon simulacra (IceCv)
  14 adders
  2 white imps
  2 ufetubi
  6 steam dragon simulacra (IceCv)
  3 worms
  3 dart slugs
  35 orcs
  10 ball pythons
  10 endoplasms
  9 giant cockroaches
  10 hobgoblins
  5 jackals
  5 quokkas
  3 bats
  12 frilled lizards
  12 goblins
  8 kobolds
  4 rats
331 creatures vanquished.

Vanquished Creatures (collateral kills)
  An ice statue (IceCv)
  Joseph (D:7)
  A scorpion (D:6)
  A jelly (D:3)
  A hound (D:6)
  Robin (D:2)
  An adder (D:6)
  2 orcs (D:3)
9 creatures vanquished.

Grand Total: 340 creatures vanquished

Notes
Turn   | Place    | Note
-------+----------+-------------------------------------------
     0 | D:1      | olmar the Djinni Hedge Wizard began the quest for the Orb.
     0 | D:1      | olmar set off with the following spells memorised: Magic
                  | Dart, Slow, Blink, Call Imp, Mephitic Cloud.
     0 | D:1      | Reached XP level 1. HP: 15/15 MP: 0/0
    55 | D:1      | You are sucked into a shaft and drop 1 floor!
   143 | D:2      | Noticed Terence
   195 | D:1      | Reached XP level 2. HP: 20/22 MP: 0/0
   583 | D:1      | Reached skill level 3 in Spellcasting
   606 | D:1      | Reached XP level 3. HP: 26/26 MP: 0/0
   606 | D:1      | Learned a level 1 spell: Freeze
  1064 | D:2      | Noticed Sigmund
  1174 | D:3      | Reached XP level 4. HP: 10/31 MP: 0/0
  1269 | D:3      | Reached skill level 1 in Fighting
  2478 | D:4      | Reached XP level 5. HP: 32/37 MP: 0/0
  2478 | D:4      | Learned a level 2 spell: Scorch
  2642 | D:4      | Reached skill level 4 in Spellcasting
  2954 | D:4      | Found a glowing golden altar of the Shining One.
  2955 | D:4      | Found a basalt altar of Yredelemnul.
  3183 | D:4      | Reached XP level 6. HP: 33/42 MP: 0/0
  3693 | D:4      | Reached skill level 5 in Spellcasting
  3698 | D:4      | Reached XP level 7. HP: 10/47 MP: 0/0
  3698 | D:4      | Learned a level 3 spell: Inner Flame
  4107 | D:2      | Noticed Robin
  4148 | D:2      | Killed Robin
  4616 | D:2      | Killed Sigmund
  4823 | D:5      | Entered Level 5 of the Dungeon
  4899 | D:5      | Reached skill level 6 in Spellcasting
  4899 | D:5      | Reached XP level 8. HP: 42/54 MP: 0/0
  4969 | D:5      | Found a runed translucent door.
  4970 | D:5      | Noticed Crazy Yiuf
  5894 | D:5      | Reached skill level 7 in Spellcasting
  6140 | D:5      | Reached XP level 9. HP: 43/59 MP: 0/0
  6140 | D:5      | Learned a level 3 spell: Confusing Touch
  6444 | D:5      | Killed Crazy Yiuf
  6620 | D:6      | Reached skill level 8 in Spellcasting
  6667 | D:6      | Found a snail-covered altar of Cheibriados.
  6696 | D:6      | Found a glowing drain.
  6708 | Sewer    | Entered a sewer
  8046 | D:7      | Reached skill level 9 in Spellcasting
  8164 | D:7      | Noticed Prince Ribbit
  8169 | D:7      | Killed Prince Ribbit
  8415 | D:7      | Reached XP level 10. HP: 60/65 MP: 0/0
  8557 | D:7      | Reached skill level 5 in Dodging
  8609 | D:7      | Noticed Joseph
  8617 | D:7      | Killed Joseph
  8618 | D:7      | Reached skill level 10 in Spellcasting
  9059 | D:7      | Found a staircase to the Ecumenical Temple.
  9131 | Temple   | Entered the Ecumenical Temple
  9244 | Temple   | Became a worshipper of Gozag Ym Sagoz the Greedy
  9351 | D:7      | Found a stormy altar of Qazlal.
  9878 | D:8      | Identified the +9 rapier of Miacs {flame, rElec Will+ rCorr
                  | Int+4}
 10457 | D:8      | Noticed an elephant
 10465 | D:8      | Killed an elephant
 10466 | D:8      | Reached skill level 11 in Spellcasting
 10843 | D:8      | Found a staircase to the Lair.
 11265 | D:8      | Found Uwkawan's Magic Scroll Emporium.
 11275 | D:8      | Bought a scroll of poison for 52 gold pieces
 11275 | D:8      | Bought a scroll of immolation for 52 gold pieces
 11275 | D:8      | Bought a scroll of vulnerability for 52 gold pieces
 11275 | D:8      | Bought 2 scrolls of teleportation for 78 gold pieces
 11298 | D:8      | Found a runed translucent gate.
 11298 | D:8      | Noticed minhee2137's ghost (novice MiBe)
 11299 | D:8      | Identified the +11 chain mail of Disguise {-Cast rPois rN+
                  | Regen+}
 11299 | D:8      | Found a runed translucent gate.
 11300 | D:8      | Found a runed translucent gate.
 11380 | D:8      | Reached XP level 11. HP: 29/70 MP: 0/0
 11380 | D:8      | Learned a level 4 spell: Olgreb's Toxic Radiance
 12361 | Lair:1   | Entered Level 1 of the Lair of Beasts
 12361 | Lair:1   | Found a shadowy altar of Dithmenos.
 12962 | Lair:1   | Reached skill level 12 in Spellcasting
 13945 | Lair:2   | Noticed a four-headed hydra
 13952 | Lair:2   | Killed a four-headed hydra
 14505 | Lair:2   | Noticed an elephant
 14505 | Lair:2   | Noticed an elephant
 14506 | Lair:2   | Noticed an elephant
 14508 | Lair:2   | Noticed an elephant
 14511 | Lair:2   | Killed an elephant
 14511 | Lair:2   | Killed an elephant
 14513 | Lair:2   | Noticed an elephant
 14516 | Lair:2   | Killed an elephant
 14517 | Lair:2   | Reached skill level 13 in Spellcasting
 14523 | Lair:2   | Killed an elephant
 14523 | Lair:2   | Killed an elephant
 14525 | Lair:2   | Noticed an elephant
 14539 | Lair:2   | Killed an elephant
 14856 | Lair:2   | Reached XP level 12. HP: 54/76 MP: 0/0
 15109 | Lair:2   | Noticed a death yak
 15146 | Lair:2   | Killed a death yak
 15210 | Lair:2   | Noticed a death yak
 15210 | Lair:2   | Noticed a death yak
 15210 | Lair:2   | Noticed a death yak
 15241 | Lair:2   | Killed a death yak
 15242 | Lair:2   | Noticed a death yak
 15242 | Lair:2   | Noticed a death yak
 15255 | Lair:2   | Killed a death yak
 15256 | Lair:2   | Reached skill level 14 in Spellcasting
 15341 | Lair:2   | Killed a death yak
 15780 | Lair:2   | Killed a death yak
 15791 | Lair:2   | Killed a death yak
 16627 | D:9      | Found an iron altar of Okawaru.
 17001 | D:9      | Reached skill level 15 in Spellcasting
 17805 | D:9      | Reached XP level 13. HP: 66/80 MP: 0/0
 17805 | D:9      | Learned a level 5 spell: Summon Forest
 17946 | D:10     | Entered Level 10 of the Dungeon
 18491 | D:10     | Found a hide-covered altar of Uskayaw.
 20251 | D:8      | Killed minhee2137's ghost
 21028 | Lair:3   | Found a frozen archway.
 21057 | IceCv    | Entered an ice cave
 21646 | IceCv    | Reached skill level 16 in Spellcasting
 22291 | IceCv    | Noticed a white draconian
 22296 | IceCv    | Reached skill level 1 in Armour
 22304 | IceCv    | Killed a white draconian
 22627 | IceCv    | Slain by a lindwurm simulacrum

Illustrated notes

Levels and vault maps discovered:
D:1:      tarquinn_simple_flora_water_d, layout_basic
D:2:      layout_basic, uniq_sigmund, uniq_robin, uniq_terence
D:3:      layout_loops_ring
D:4:      minmay_octagon_keep, layout_basic, gammafunk_temple_overflow_claw
D:5:      layout_loops_ring, lemuel_mausoleum_altar_kikubaaqudgha,
          uniq_crazy_yiuf_cottage
D:6:      layout_basic, mainiacjoe_overflow_brackets,
          cheibrodos_sewer_entry_drain
D:7:      layout_basic, grunt_qazlal_sundering, minmay_temple_entry_poolview,
          minmay_fractal_squares_diagonal_5, uniq_joseph, uniq_prince_ribbit1
D:8:      layout_loops_ring, david_lair_generic, biasface_ghost_orc_armoury,
          serial_shops, shop
D:9:      layout_roguey, okawaru_trees_2, serial_glass, glass_columns_c,
          glass_columns_a, due_unseen_surprise, feat_on_display,
          grunt_ministairs_10
D:10:     layout_cave_pools, dancing_weapons_uskayaw, grunt_ministairs_6,
          nicolae_lava_and_water, minmay_misc_feat_chi,
          kennysheep_generic_room_3
D:11:     nicolae_BIG_FREAKIN_CUBE, layout_cave_pools, serial_shops, statue_bzr,
          serial_bayou_ford_a, chequers_serial_rivers_large_b,
          kennysheep_another_room
Temple:   eino_temple_water
Lair:1:   layout_regular_city, basic_altar
Lair:2:   layout_regular_city
Lair:3:   layout_loops_ring, nicolae_swamp_entry_splash_gauntlet,
          spider_nest_entry_funnel_web, portal_ice_cave_entry_pillars_1,
          chequers_serial_rivers_large_a, serial_bayou_lagoon_a,
          lemuel_fruit_tree, infiniplex_staircase_pool_2
IceCv:    ice_cave_small_dragons

Skill      XL: |  1  2  3  4  5  6  7  8  9 10 11 12 13 |
---------------+----------------------------------------+-----
Spellcasting   | 3 4 5 6 7 9 11 13 15 16 | 16.1
Fighting       | 1 2 3 |  3.2
Dodging        | 3 4 5 6 |  6.2
Armour         | 1 |  1.6
Stealth        | |  1.5

Action                     |  1- 3 |  4- 6 |  7- 9 | 10-12 | 13-15 || total
---------------------------+-------+-------+-------+-------+-------++-------
  Melee: Dagger            |    48 |    36 |    72 |     6 |       ||   162
         Punch             |     2 |       |     2 |       |     1 ||     5
         Rapier            |       |       |       |     8 |    16 ||    24
   Cast: Magic Dart        |    36 |    47 |    78 |   111 |    48 ||   320
         Call Imp          |     2 |     3 |     4 |     3 |     2 ||    14
         Scorch            |       |    40 |    86 |    46 |    38 ||   210
         Blink             |       |     1 |     2 |     4 |     2 ||     9
         Inner Flame       |       |       |    19 |    78 |    40 ||   137
         Confusing Touch   |       |       |     7 |     8 |     1 ||    16
         Olgreb's Toxic Ra |       |       |       |    50 |    17 ||    67
         Summon Forest     |       |       |       |       |     2 ||     2
  Evoke: Wand              |       |       |       |     6 |     4 ||    10
    Use: Scroll            |       |     6 |     4 |     2 |    10 ||    22
         Potion            |       |       |     1 |     1 |     2 ||     4
   Stab: Sleeping          |     1 |       |     3 |       |       ||     4
         Distracted        |       |       |       |       |     1 ||     1
 Armour: Robe              |     5 |     2 |    22 |     9 |     8 ||    46
         Chain mail        |       |       |       |       |     8 ||     8
  Dodge: Dodged            |    30 |    32 |    72 |    22 |    20 ||   176
